 Dungeon Crawl Stone Soup version 0.29-a0-275-g389c0b56f3 (webtiles) character file.

Game seed: 437245617025099510

97 sokol815 the Sneak (level 4, 0/29 HPs)
             Began as an Octopode Brigand on Mar 10, 2022.
             Succumbed to an adder's poison
             ... on level 2 of the Dungeon.
             The game lasted 00:04:27 (2388 turns).

sokol815 the Sneak (Octopode Brigand)               Turns: 2388, Time: 00:04:27

Health: 0/29       AC:  1    Str: 10    XL:     4   Next: 68%
Magic:  4/4        EV: 12    Int: 13    God:
Gold:   88         SH:  0    Dex: 15    Spells: 3/3 levels left

rFire   . . .      SeeInvis .   a - +2 dagger
rCold   + . .      Faith    .   (no shield)
rNeg    . . .      Spirit   .   (helmet restricted)
rPois   .          Reflect  .   (no amulet)
rElec   .          Harm     .   C - ring of protection from cold {rC+, !d}
rCorr   .          Rampage  .   (no ring)
Will    .....                   (no ring)
Stlth   ++++......              (no ring)
HPRegen 0.09/turn               (no ring)
MPRegen 0.09/turn               (no ring)
                                (no ring)
                                (no ring)

@: lethally poisoned (0 -> -10), hasted, very quick
A: almost no armour, amphibious, 8 rings, camouflage 1, gelatinous body 1,
(nimble swimmer 1), tentacles
a: no special abilities


You were on level 2 of the Dungeon.
You visited 1 branch of the dungeon, and saw 2 of its levels.

You collected 88 gold pieces.

Inventory:

Hand Weapons
 a - a +2 dagger (weapon)
 d - a +0 hunting sling
   (You took it off a goblin on level 2 of the Dungeon)
Missiles
 b - 15 poisoned darts
 c - 3 curare-tipped darts
 s - 95 stones
Jewellery
 C - a ring of protection from cold (left tentacle) {rC+, !d}
   (You found it on level 1 of the Dungeon)
Potions
 B - a potion of brilliance


   Skills:
 - Level 2.0 Fighting
 + Level 3.6 Short Blades
 - Level 2.0 Throwing
 - Level 1.0 Dodging
 + Level 6.9 Stealth


You had 3 spell levels left.
You didn't know any spells.
Your spell library was empty.

Dungeon Overview and Level Annotations

Branches:
Dungeon (2/15)

Altars:

Annotations:
D:2 exclusions: jackal and rat


Innate Abilities, Weirdness & Mutations

You cannot wear most types of armour.
You are amphibious.
You can wear up to eight rings at the same time.
Your skin changes colour to match your surroundings (Stealth+).
Your rubbery body absorbs attacks. (AC +1, EV +1)
((You are camouflaged when in or above water. (Stealth+)))
You have tentacles for arms and can constrict up to eight enemies at once.


Message History

The quokka barely misses you.
You hit the quokka. You grab the quokka.
You squeeze the quokka, but do no damage.
You constrict the quokka. The quokka bites you.
You take 1 damage, and have 26/29 hp.
You hit the quokka.
You kill the quokka!
No target in view!
No target in view!
No target in view!
You see here a quokka corpse.
You see here a quokka corpse.
A hobgoblin comes into view.
Health restored: 29 The helpless hobgoblin fails to defend itself.
You impale the hobgoblin!!
You kill the hobgoblin!
No target in view!
You see here a hobgoblin corpse.
A kobold comes into view. It is wielding a +0 whip.
The kobold throws a stone.
The stone closely misses you.
The kobold throws a stone.
The stone hits you.
You take 2 damage, and have 27/29 hp.
The kobold throws a stone.
The stone hits you but does no damage. The kobold misses you.
You hit the kobold. Your grab misses the kobold. The kobold misses you.
You hit the kobold.
You kill the kobold!
No target in view!
No target in view!
s - 95 stones (gained 4)
You see here a +0 whip.
Health restored: 29 An adder comes into view.
An adder comes into view.
The adder hisses angrily.
You closely miss the adder. Your grab misses the adder. The adder bites you.
You take 2 damage, and have 27/29 hp.
You hit the adder. Your grab misses the adder. The adder bites you. x2
You take 2 damage, and have 25/29 hp.
You miss the adder. Your grab misses the adder. Your squeeze misses the adder.
The adder bites you.
You are poisoned.
The adder poisons you!
You take 4 damage, and have 21/29 hp.
You miss the adder. Your grab misses the adder.
You feel sick. The adder bites you.
You are more poisoned.
The adder poisons you!
You take 5 damage, and have 16/29 hp.
You barely miss the adder. Your grab misses the adder.
You feel sick. The adder bites you.
You take 5 damage, and have 11/29 hp.
You closely miss the adder. Your grab misses the adder.
You feel sick. The adder bites you.
* * * LOW HITPOINT WARNING * * *
You are more poisoned.
The adder poisons you!
You take 5 damage, and have 6/29 hp.
It was a potion of haste.
You feel yourself speed up.
* * * LOW HITPOINT WARNING * * *
You feel very sick. The adder barely misses you.
You take 3 damage, and have 3/29 hp.
It was a potion of ambrosia.
You are confused.
You feel invigorated.
* * * LOW HITPOINT WARNING * * *
You feel sick. The adder barely misses you.
You regained 3 hp, and now have 6/29 hp.
You bump into the rock wall.
* * * LOW HITPOINT WARNING * * *
You feel sick. The adder bites you.
* * * LOW HITPOINT WARNING * * *
You are more poisoned.
The adder poisons you!
You take 1 damage, and have 5/29 hp.
You bump into the rock wall.
* * * LOW HITPOINT WARNING * * *
You feel sick. The adder bites you.
* * * LOW HITPOINT WARNING * * *
You take 1 damage, and have 4/29 hp.
Unknown command.
You're too confused to move!
* * * LOW HITPOINT WARNING * * *
You feel sick. The adder bites you.
* * * LOW HITPOINT WARNING * * *
You are more poisoned.
The adder poisons you!
You take 2 damage, and have 2/29 hp.
You bump into the rock wall.
You feel less invigorated.
You feel less confused.
* * * LOW HITPOINT WARNING * * *
You feel sick. The adder bites you.
* * * LOW HITPOINT WARNING * * *
You take 1 damage, and have 1/29 hp.
Unknown command.
You hit the adder. You grab the adder. You squeeze the adder.
You constrict the adder, but do no damage.
You die...

#.##.#.# #.##.#.# #......#
#.##.### #.##.# #.##.# ####
#####.##.# #?8###!8###[8##.##.#
.S....S@.....##.##.#
#####################.##.##.# #
..........................#.# #
######..#.#.#####.##.#.)#.#.# #
######.#.#.# #.##.#..#.#.#####
#........#.# #.##.............
#.#........#####.........#.#####
#.#...................>..#.# #
#.#..............#...##..#.# #


You could see 2 adders.

Vanquished Creatures
  5 adders (D:2)
  A worm (D:2)
  2 dart slugs
  3 ball pythons
  2 endoplasms (D:1)
  3 giant cockroaches
  4 hobgoblins
  5 kobolds
  3 quokkas (D:2)
  5 bats
  4 frilled lizards
  5 goblins
  3 rats
45 creatures vanquished.

Notes
Turn   | Place    | Note
-------+----------+-------------------------------------------
     0 | D:1      | sokol815 the Octopode Brigand began the quest for the Orb.
     0 | D:1      | Reached XP level 1. HP: 14/14 MP: 1/1
   367 | D:1      | Reached XP level 2. HP: 19/19 MP: 2/2
   820 | D:1      | Reached skill level 6 in Stealth
  1004 | D:1      | Reached XP level 3. HP: 24/24 MP: 3/3
  1273 | D:2      | Reached skill level 3 in Short Blades
  1468 | D:2      | Found a faded altar of an unknown god.
  1522 | D:2      | Reached XP level 4. HP: 16/29 MP: 4/4
  2381 | D:2      | HP: 6/29 [adder (3)]
  2386 | D:2      | HP: 5/29 [poisoned by an adder]
  2386 | D:2      | HP: 2/29 [adder (3)]
  2388 | D:2      | Succumbed to an adder's poison

Illustrated notes

Levels and vault maps discovered:
D:1:      lemuel_arrival_behind_the_door_small, layout_basic,
          serial_bayou_pond_a
D:2:      wad_river_or_something, layout_basic,
          chequers_ecumenical_altar_island, skrybe_limestone_x,
          minmay_hedge_maze

Skill      XL: |  1  2  3 |
---------------+----------+-----
Stealth        | 6 |  6.9
Short Blades   | 3 |  3.6
Fighting       | |  2.0
Throwing       | |  2.0
Dodging        | |  1.0

Action                   |  1- 3 |  4- 6 || total
-------------------------+-------+-------++-------
Melee: Dagger            |    52 |    36 ||    88
       Constrict         |     9 |     9 ||    18
       Tentacles         |     7 |     5 ||    12
  Use: Scroll            |     4 |     2 ||     6
       Potion            |       |     2 ||     2
 Stab: Sleeping          |    14 |     3 ||    17
Armor: Skin              |     2 |     4 ||     6
Dodge: Dodged            |    18 |    13 ||    31

Table legend: (Time is in decaauts)
 A = Elapsed time spent in this place.
 B = Non-inter-level travel time spent in this place.
 C = Inter-level travel time spent in this place.
 D = Time resting spent in this place.
 E = Time spent auto-exploring this place.
 F = Levels seen in this place.
 G = Mean time per level.
                   A        B        C        D        E       F      G
               +--------+--------+--------+--------+--------+-----+--------+
         Total |   2372 |   2367 |      5 |    725 |   1301 |   2 | 1186.0 |
       Dungeon |   2372 |   2367 |      5 |    725 |   1301 |   2 | 1186.0 |
               +--------+--------+--------+--------+--------+-----+--------+

Top non-repeatable levels by time:
     D:1: 1243 daAuts
     D:2: 1128 daAuts

Table legend:
 A = Kills in this place as a percentage of kills in entire the game.
 B = Kills by you in this place as a percentage of kills by you in the entire game.
 C = Kills by friends in this place as a percentage of kills by friends in the entire game.
 D = Other kills in this place as a percentage of other kills in the entire game.
 E = Experience gained in this place as a percentage of experience gained in the entire game.
 F = Experience gained in this place divided by the number of levels of this place that you have seen.
                   A       B       C       D       E      F
               +-------+-------+-------+-------+-------+----------------------
         Total | 100.0 | 100.0 |   N/A |   N/A | 100.0 |  69.5
       Dungeon | 100.0 | 100.0 |   N/A |   N/A | 100.0 |  69.5
               +-------+-------+-------+-------+-------+----------------------
